 Dungeon Crawl Stone Soup version 0.31-a0-841-g038b102fc3 (webtiles) character file.

Game seed: 3698473230569243171

6 Bravepunisher the Ducker (level 1, 0/11 HPs)
             Began as a Spriggan Monk on Sept 27, 2023.
             Slain by an adder (2 damage)
             ... on level 4 of the Dungeon.
             The game lasted 00:01:28 (425 turns).

Bravepunisher the Ducker (Spriggan Monk)             Turns: 425, Time: 00:01:28

Health: 0/11       AC:  2    Str:  7    XL:     1   Next: 75%
Magic:  2/2        EV: 19    Int: 11    God:
Gold:   40         SH:  0    Dex: 17    Spells: 0/0 levels left

rFire   . . .        a - +0 short sword
rCold   . . .        (no shield)
rNeg    . . .        b - +0 robe
rPois   .            (helmet restricted)
rElec   .            (no cloak)
rCorr   .            (gloves unavailable)
SInv    +            (boots unavailable)
Will    .....        (no amulet)
Stlth   ++           (no ring)
HPRegen 0.21/turn    (no ring)
MPRegen 0.08/turn

%: no passive effects
@: lethally poisoned (0 -> -1), very quick
A: very small, no large weapons, unfitting armour, see invisible, speed 3
a: no special abilities


You were on level 4 of the Dungeon.
You visited 1 branch of the dungeon, and saw 5 of its levels.

You collected 40 gold pieces.

Inventory:

Hand Weapons
 a - a +0 short sword (weapon)
Armour
 b - a +0 robe (worn)
Scrolls
 e - a scroll of revelation {unknown}
Potions
 c - a potion of ambrosia
 d - 2 potions of curing {unknown}


   Skills:
 * Level 2.7 Fighting
 - Level 3.2 Short Blades
 + Level 4.2 Dodging


You couldn't memorise any spells.
You didn't know any spells.
Your spell library was empty.

Dungeon Overview and Level Annotations

Branches:
Dungeon (5/15)
 Temple: D:4-7

Altars:
Okawaru


Innate Abilities, Weirdness & Mutations

You are very small and have problems with some larger weapons.
You are too small for most types of armour.
You have supernaturally acute eyesight. (SInv)
You cover ground extremely quickly. (Speed+++)


Message History

Found a fuming blue potion.
Found a stone staircase leading up.
There is a stone staircase leading up here.
A gnoll bouda and a gnoll come into view.
Found a scroll labelled SEIVAT LEOSO.
The gnoll bouda shouts!
A gnoll comes into view. It is wielding a +0 whip.
Found 18 gold pieces and a golden potion.
The gnoll shouts!
A hound comes into view.
Found 14 gold pieces.
The gnoll shouts!
Found a stone staircase leading up and a stone staircase leading down.
There is a stone staircase leading up here.
You climb upwards.
There is a stone staircase leading down here.
You start resting.
HP restored.
e - a scroll labelled TAMUP AV GINEY An adder comes into view.
The adder bites you.
You hit the adder but do no damage. The adder bites you.
You are poisoned.
The adder poisons you!
You closely miss the adder.
You feel sick. The adder closely misses you.
You hit the adder.
The adder is moderately wounded.
You feel sick. The adder completely misses you.
You barely miss the adder.
The adder is moderately wounded.
You feel sick. The adder bites you but does no damage.
You hit the adder.
The adder is heavily wounded.
You feel sick. The adder closely misses you.
You hit the adder.
The adder is severely wounded.
You feel sick. The adder misses you.
You barely miss the adder.
The adder is severely wounded.
You feel sick. The adder barely misses you. The adder bites you.
You die...

.g...............>#.#
####.######....##.#.#
#.# #....#..#.#.# #.#
#....#..#.#.# #.#
#...........# #.#
#..#.#.....# #.#
#.......#..# #.#
##.##.......####
......S@........
##.#####.##.####
#...........#
#.###.##.##.#
#.##.##.# #.##.##.#
#.##.##.# #.##.##.#
#######.##....#


You could see an adder.

Vanquished Creatures
  2 ball pythons (D:2)
  An endoplasm (D:2)
  2 bats (D:2)
  A frilled lizard (D:2)
  A rat (D:2)
7 creatures vanquished.

Notes
Turn   | Place    | Note
-------+----------+-------------------------------------------
     0 | D:1      | Bravepunisher the Spriggan Monk began the quest for the
                  | Orb.
     0 | D:1      | Reached XP level 1. HP: 11/11 MP: 2/2
   128 | D:2      | Found an iron altar of Okawaru.
   281 | D:4      | Noticed an orc wizard
   281 | D:4      | Noticed an orc priest
   313 | D:4      | Noticed a gnoll bouda
   313 | D:4      | Noticed a hound
   351 | D:5      | Entered Level 5 of the Dungeon
   352 | D:5      | Noticed a gnoll bouda
   354 | D:5      | Noticed a hound
   425 | D:4      | Slain by an adder

Illustrated notes

Levels and vault maps discovered:
D:1:      matt_arrival_spirals, layout_basic
D:2:      layout_basic, basic_altar, chequers_mini_garden,
          kennysheep_generic_room_5, uniq_crazy_yiuf_cottage
D:3:      layout_loops_ring, minmay_misc_feat_doors, uniq_natasha, uniq_ijyb
D:4:      layout_basic, serial_bayou_pond_d, wad_rectangle_vault
D:5:      layout_rooms, nicolae_ossuary_entry_giza

Action                     || total
---------------------------++-------
  Melee: Short sword       ||    30
 Armour: Robe              ||    17
  Dodge: Dodged            ||    22

Table legend: (Time is in decaauts)
 A = Elapsed time spent in this place.
 B = Non-inter-level travel time spent in this place.
 C = Inter-level travel time spent in this place.
 D = Time resting spent in this place.
 E = Time spent auto-exploring this place.
 F = Levels seen in this place.
 G = Mean time per level.
                   A        B        C        D        E       F      G
               +--------+--------+--------+--------+--------+-----+--------+
         Total |    297 |    297 |      0 |     50 |    124 |   5 |   59.4 |
       Dungeon |    297 |    297 |      0 |     50 |    124 |   5 |   59.4 |
               +--------+--------+--------+--------+--------+-----+--------+

Top non-repeatable levels by time:
     D:2: 157 daAuts
     D:4: 93 daAuts
     D:1: 27 daAuts
     D:3: 14 daAuts
     D:5: 5 daAuts
